 Dungeon Crawl Stone Soup version 0.10.4 character file.

209 maraks the Slasher (level 5, -9/40 HPs)
             Began as a Human Gladiator on Mar 19, 2020.
             Mangled by an orc warrior
             ... wielding a +1,+1 orcish long sword of protection
              (12 damage)
             ... on Level 3 of the Dungeon.
             The game lasted 00:10:56 (2394 turns).

maraks the Slasher (Human Gladiator)                Turns: 2394, Time: 00:10:56

HP  -9/40        AC  8     Str 16      XL: 5   Next:  8%
MP   4/4         EV  7     Int  9      God:
Gold 104         SH  8     Dex 13      Spells:  0 memorised,  4 levels left

Res.Fire  : . . .   See Invis. : .   a - +1 falchion
Res.Cold  : . . .   Warding    : . . q - +0 orc scale mail
Life Prot.: . . .   Conserve   : .   c - +0 buckler (curse)
Res.Acid. : . . .   Res.Corr.  : .   d - +0 helmet
Res.Poison: .       Clarity    : .   l - +0 cloak
Res.Elec. : .       Spirit.Shd : .   (no gloves)
Sust.Abil.: . .     Stasis     : .   (no boots)
Res.Mut.  : .       Ctrl.Telep.: .   (no amulet)
Res.Rott. : .       Levitation : .   (no ring)
Saprovore : . . .   Ctrl.Flight: .   k - cursed ring of invisibility

@: slowed, very slow, slightly resistant to hostile enchantments, extremely
unstealthy
A: no striking features
a: Evoke Invisibility


You were on level 3 of the Dungeon.
You were not hungry.

You visited 1 branch of the dungeon, and saw 3 of its levels.

You collected 84 gold pieces.

Inventory:

Hand weapons
 a - a +1,+1 falchion (weapon)
 h - a +1,+2 orcish short sword
 o - a -1,+1 orcish falchion
 p - a -1,+2 orcish spear (quivered)
 u - a -1,+2 orcish spear
 v - a -1,+2 orcish spear
Missiles
 e - 3 +0 throwing nets
 n - a -1 throwing net
 r - 3 +0 darts
Armour
 c - a cursed +0 buckler (worn)
 d - a +0 helmet (worn)
 i - a +0 splint mail
 l - a +0 cloak (worn)
 q - a +0 orcish scale mail (worn)
Comestibles
 b - a chunk of adder flesh
 f - 2 bread rations
 s - a pear
 t - an apple
 x - 2 rotting chunks of gnoll flesh
Jewellery
 k - a cursed ring of invisibility (left hand)
Potions
 g - a potion of degeneration {unknown}
 j - a potion of curing
 z - a potion of mutation {unknown}
Books
 m - a book of Summonings

   Spells                             Type                      Level
   Abjuration                         Summoning                    3
   Recall                             Summoning/Translocation      3
   Summon Elemental                   Summoning                    4
   Shadow Creatures                   Summoning                    5
   Summon Demon                       Summoning                    5
   Summon Ugly Thing                  Summoning                    6


   Skills:
 + Level 2.6 Fighting
 + Level 3.7 Long Blades
 + Level 2.9 Throwing
 + Level 2.2 Armour
 + Level 2.4 Dodging
 + Level 1.8 Shields
 - Level 2.0 Unarmed Combat
 + Level 0.7 Evocations


You had 4 spell levels left.
You didn't know any spells.

Dungeon Overview and Level Annotations

Branches:
Dungeon (3/27)

Altars:


Message History

You feel yourself slow down.
It was a potion of slowing.
The orc warrior hits you with a runed orcish long sword.
You aren't carrying any items that can be evoked.
Use which ability? (? or * to list)
You fail to use your ability.
The orc warrior closely misses you.
Use which ability? (? or * to list)
You fail to use your ability.
The orc warrior closely misses you.
The orc warrior hits you with a runed orcish long sword!
Use which ability? (? or * to list)
You fail to use your ability.
The orc warrior hits you with a runed orcish long sword!
* * * LOW HITPOINT WARNING * * *
Read which item? (? for menu, Esc to quit)
Okay, then.
Drink which item? (? for menu, Esc to quit)
Okay, then.
Use which ability? (? or * to list)
You fail to use your ability.
You block the orc warrior's attack.
The orc warrior hits you with a runed orcish long sword!
You die...

+# .# ##+ .# #.. .#
#.# .# #####'###
.####### #.......#
.......# #...(o..+
.......#####....@..#
...........+.......#
.......#####....(..#
.......# #.......#
.......# ######'##
#.###### #...# #.##
##.### #..# #..#
##.## ##.##


You could see an orc warrior.

Vanquished Creatures
  3 gnolls (D:2)
  2 adders
  A worm (D:2)
  An orc (D:2)
  9 bats
  4 hobgoblins
  11 kobolds
  3 giant cockroaches
  3 giant newts
  9 goblins
  A goblin skeleton (D:2)
  6 rats
53 creatures vanquished.

Vanquished Creatures (others)
  A goblin (D:1)
1 creature vanquished.

Grand Total: 54 creatures vanquished

Notes
Turn   | Place    | Note
--------------------------------------------------------------
     0 | D:1      | maraks, the Human Gladiator, began the quest for the Orb.
     0 | D:1      | Reached XP level 1. HP: 17/17 MP: 0/0
   295 | D:1      | Reached XP level 2. HP: 23/23 MP: 1/1
   417 | D:1      | Reached skill level 1 in Armour
   724 | D:1      | Reached XP level 3. HP: 28/28 MP: 2/2
  1548 | D:2      | Reached XP level 4. HP: 33/35 MP: 3/3
  2361 | D:3      | Reached XP level 5. HP: 36/40 MP: 4/4
  2386 | D:3      | Noticed an orc warrior
  2394 | D:3      | Mangled by an orc warrior
